 Dungeon Crawl Stone Soup version 0.27.0-1-g7a089689b8 (webtiles) character file.

Game seed: 18442709032844401034

25636 hawla the Reanimator (level 12, -9/70 HPs)
             Began as a Deep Elf Necromancer on Aug 15, 2021.
             Was an Initiate of Ashenzari.
             Killed from afar by a gargoyle (25 damage)
             ... with a stone arrow
             ... on level 13 of the Dungeon.
             The game lasted 00:47:14 (21330 turns).

hawla the Reanimator (Deep Elf Necromancer)        Turns: 21330, Time: 00:47:15

Health: -9/70      AC:  8    Str:  5    XL:     12   Next: 91%
Magic:  25/27      EV: 20    Int: 26    God:    Ashenzari [......]
Gold:   966        SH:  0    Dex: 17    Spells: 11/29 levels left

rFire    . . .     SeeInvis .   k - +3 short sword (venom)
rCold    . . .     Faith    .   (no shield)
rNeg     . . .     Spirit   .   q - +2 robe {Will+}
rPois    +         Reflect  .   o - +2 helmet
rElec    .         Harm     .   (no cloak)
rCorr    .         Rampage  .   (no gloves)
Will     ++...                  g - +0 pair of boots
Stlth    ++++......             (no amulet)
HPRegen  0.21/turn              e - +4 ring of evasion
MPRegen  0.20/turn              h - ring of poison resistance

@: no status effects
A: agile 1, noise suppression
a: Renounce Religion, Curse Item


You were on level 13 of the Dungeon.
You worshipped Ashenzari.
Ashenzari was noncommittal.
You visited 2 branches of the dungeon, and saw 14 of its levels.

You collected 1795 gold pieces.
You spent 829 gold pieces at shops.

Inventory:

Hand Weapons
 k - a +3 short sword of venom (weapon)
Missiles
 r - 3 throwing nets
 t - 25 poisoned darts (quivered)
 x - 2 boomerangs
 B - 4 atropa-tipped darts
 C - 5 javelins
Armour
 g - a +0 pair of boots (worn)
 m - a +2 robe of fire resistance
 o - a +2 helmet (worn)
 q - a +2 robe of willpower (worn)
Jewellery
 e - a +4 ring of evasion (left hand)
 h - a ring of poison resistance (right hand)
Wands
 f - a wand of digging (3)
 n - a wand of flame (16)
 s - a wand of charming (6)
Scrolls
 a - a scroll of holy word
 c - 6 scrolls of teleportation
 d - a scroll of silence
 v - a scroll of summoning
 y - 2 scrolls of amnesia
 z - a scroll of magic mapping
Potions
 b - 7 potions of curing
 i - a potion of might
 j - 3 potions of flight
 p - 3 potions of attraction
 u - a potion of brilliance
 w - 2 potions of haste


   Skills:
 - Level 6.0 Fighting
 + Level 11.7 Short Blades
 + Level 5.4 Throwing
 + Level 8.0 Dodging
 - Level 8.0 Stealth
 - Level 9.0 Spellcasting
 + Level 12.7 Necromancy
 - Level 1.0 Translocations
 - Level 4.1 Evocations


You had 11 spell levels left.
You knew the following spells:

 Your Spells              Type           Power      Damage    Failure   Level
a - Pain                  Necr           100%       1d9       1%          1
b - Vampiric Draining     Necr           33%        2d10      1%          3
c - Animate Dead          Necr           33%        N/A       1%          4
d - Agony                 Necr           67%        N/A       1%          5
e - Dispel Undead         Necr           67%        3d23      1%          4
f - Apportation           Tloc           32%        N/A       3%          1

Your spell library contained the following spells:

 Spells                   Type           Power      Damage    Failure   Level
 Animate Skeleton         Necr           100%       N/A       1%          1
 Beastly Appendage        Tmut           22%        N/A       4%          1
 Static Discharge         Conj/Air       11%        N/A       8%          2
 Wereblood                Tmut           11%        N/A       8%          2
 Dazzling Flash           Conj/Hex       22%        N/A       16%         3
 Spider Form              Tmut/Pois      5%         N/A       16%         3
 Iskenderun's Mystic Bla  Conj/Tloc      14%        2d5       38%         4
 Fulminant Prism          Conj/Hex       5%         3d7       45%         4
 Petrify                  Tmut/Erth      11%        N/A       45%         4
 Sticky Flame             Conj/Fire      11%        2d3       45%         4
 Alistair's Intoxication  Tmut/Pois      7%         N/A       80%         5
 Lee's Rapid Deconstruct  Erth           5%         3d7*      80%         5
 Metabolic Englaciation   Hex/Ice        5%         N/A       80%         5
 Silence                  Hex/Air        5%         N/A       80%         5
 Invisibility             Hex            5%         N/A       100%        6
 Statue Form              Tmut/Erth      7%         N/A       100%        6


Dungeon Overview and Level Annotations

Branches:
Dungeon (13/15)            Temple (1/1) D:6            Lair (0/6) D:9
    Orc (0/2) D:12
 Vaults: D:13-14

Altars:
Ashenzari
Cheibriados
Dithmenos
Elyvilon
Fedhas
Gozag
Hepliaklqana
Kikubaaqudgha
Makhleb
Nemelex Xobeh
Okawaru
Qazlal
Ru
Sif Muna
Trog
Uskayaw
Vehumet
Wu Jian
Xom
Yredelemnul
Zin
The Shining One

Shops:
D:8 *   D:12 ?

Annotations:
D:4 dig the treasure


Innate Abilities, Weirdness & Mutations

You are agile. (Dex +2)
You passively dampen the noise of your surroundings.


Message History

The two-headed ogre closely misses you. The two-headed ogre closely misses you.
The two-headed ogre barely misses you.
Throw: 26 darts (poison)
Press: ? - help, Q - select action, (/) - cycle Shift-Dir - straight line, f/p - two-headed ogre
Aim: a two-headed ogre, wielding two +0 giant clubs (severely wounded, very poisoned, 78% to hit)
You throw a poisoned dart.
The poisoned dart hits the two-headed ogre.
The two-headed ogre looks as sick as possible!
The two-headed ogre is severely wounded.
You hit the two-headed ogre.
The two-headed ogre is almost dead.
You hit the two-headed ogre.
The two-headed ogre is almost dead.
The two-headed ogre completely misses you.
The two-headed ogre hits you with a +0 giant club!!
* * * LOW HITPOINT WARNING * * *
You barely miss the two-headed ogre.
The two-headed ogre is almost dead.
You feel much better.
You kill the two-headed ogre!
You barely miss the gargoyle.
Casting: Dispel Undead (safe; 1% risk of failure)
Confirm with . or Enter, or press ? or * to list all spells.
You call on the dead to rise...
The dead are walking!
The gargoyle hits you with a +0 mace.
You swap places.
The gargoyle hits your two-headed ogre zombie with a +0 mace!!
The gargoyle hits your two-headed ogre zombie with a +0 mace!!
Your two-headed ogre zombie is destroyed!
Casting: Animate Dead (safe; 1% risk of failure)
Confirm with . or Enter, or press ? or * to list all spells.
There is nothing nearby to animate!
The gargoyle hurls a stone arrow at you.
The stone arrow misses you.
The gargoyle hurls a stone arrow at you.
The stone arrow hits you!!
* * * LOW HITPOINT WARNING * * *
The gargoyle hurls a stone arrow at you.
The stone arrow hits you!!
You die...

#.###<........ #.#
#......... . #.#
#.######## . #.#
#.###### .. #.# #......#
..####.###......#
.......#........#
#...#...........###.####
.[#.....#...9...@.......
##.#.###.##.#######.####
#.♣.###.⌠.##.##
##.###.#.####.#####
#.#.#.#♣###.#.9##.#
.###.⌠ #[♣.#....#
#.#.#.###♣#.#..##)#
##.###.#.####.###.#
#.⌠.###.⌠.##.## #.#


You could see a gargoyle.

Vanquished Creatures
  A hydra (D:12)
  Harold (D:8)
  2 boulder beetles
  3 two-headed ogres
  Erica (D:8)
  Urug (D:11)
  Pikel (D:4)
  2 ugly things (D:12)
  4 cyclopes
  A manticore (D:12)
  Maurice (D:8)
  An unseen horror (D:12)
  4 yaks
  3 trolls
  A water elemental (D:12)
  A wraith (D:11)
  A vampire (D:13)
  2 wyverns
  A basilisk (D:8)
  2 wolves (D:8)
  4 vampire mosquitoes (D:12)
  2 wargs (D:9)
  An acid dragon (D:11)
  A water moccasin (D:7)
  A sky beast (D:5)
  An ice beast (D:5)
  4 orc warriors
  An ogre (D:7)
  3 centaurs
  2 phantoms (D:5)
  A kobold brigand (D:8)
  5 bullfrogs
  4 scorpions
  A wyvern zombie (D:6)
  9 killer bees
  2 howler monkeys
  4 electric eels
  2 centaur zombies
  2 hounds
  A jelly (D:5)
  5 orc priests
  A bullfrog skeleton (D:6)
  A centaur skeleton (D:7)
  4 iguanas
  7 orc wizards
  A howler monkey zombie (D:10)
  2 gnolls (D:3)
  8 adders
  2 shadow imps (D:8)
  A white imp (D:7)
  An adder skeleton (D:5)
  6 worms
  5 dart slugs
  37 orcs
  10 ball pythons
  5 endoplasms
  A giant cockroach (D:1)
  6 goblins
  7 hobgoblins
  6 jackals
  11 kobolds
  6 quokkas
  3 bats
  2 frilled lizards
  5 rats
228 creatures vanquished.

Vanquished Creatures (collateral kills)
  7 yaks
  Grum (D:8)
  A centaur (D:7)
  2 orc wizards (D:12)
  3 orcs (D:12)
14 creatures vanquished.

Vanquished Creatures (others)
  2 yaks (D:10)
  A wolf (D:8)
  2 fungi (D:4)
  2 plants (D:10)
7 creatures vanquished.

Grand Total: 249 creatures vanquished

Notes
Turn   | Place    | Note
-------+----------+-------------------------------------------
     0 | D:1      | hawla the Deep Elf Necromancer began the quest for the Orb.
     0 | D:1      | Reached XP level 1. HP: 10/10 MP: 6/6
    12 | D:1      | Reached skill level 5 in Necromancy
   503 | D:1      | Reached skill level 1 in Fighting
   506 | D:1      | Reached XP level 2. HP: 12/16 MP: 4/8
   601 | D:1      | Found a faded altar of an unknown god.
  1896 | D:2      | Reached XP level 3. HP: 19/21 MP: 6/9
  2134 | D:2      | Learned a level 3 spell: Vampiric Draining
  2388 | D:2      | Reached skill level 1 in Short Blades
  2637 | D:2      | Reached XP level 4. HP: 24/27 MP: 7/10
  2645 | D:2      | Learned a level 4 spell: Animate Dead
  3801 | D:3      | Found an iron altar of Okawaru.
  4442 | D:3      | Reached XP level 5. HP: 22/31 MP: 11/11
  5409 | D:4      | Reached XP level 6. HP: 27/36 MP: 13/13
  5970 | D:4      | Noticed Pikel
  5982 | D:4      | Reached skill level 6 in Necromancy
  5987 | D:4      | Killed Pikel
  5988 | D:4      | Reached skill level 5 in Spellcasting
  5988 | D:4      | Reached XP level 7. HP: 30/41 MP: 3/17
  6440 | D:5      | Entered Level 5 of the Dungeon
  6751 | D:5      | Reached XP level 8. HP: 18/46 MP: 19/19
  7203 | D:5      | Learned a level 5 spell: Agony
  7289 | D:5      | You fall into a shaft and drop 2 floors!
  7524 | D:7      | Reached skill level 5 in Short Blades
  7708 | D:6      | Reached skill level 5 in Stealth
  7716 | D:6      | Reached skill level 7 in Necromancy
  8045 | D:6      | Found a staircase to the Ecumenical Temple.
  8061 | Temple   | Entered the Ecumenical Temple
  8148 | Temple   | Became a worshipper of Ashenzari the Shackled
  9398 | D:7      | Reached skill level 5 in Dodging
  9398 | D:7      | Reached XP level 9. HP: 42/52 MP: 16/20
  9692 | D:7      | Reached skill level 1 in Evocations
  9699 | D:7      | Gained mutation: You are weak. (Str -2) [potion of
                  | mutation]
  9699 | D:7      | Gained mutation: You passively dampen the noise of your
                  | surroundings. [potion of mutation]
  9888 | D:8      | Noticed Erica
  9899 | D:8      | Killed Erica
  9900 | D:8      | Reached skill level 1 in Throwing
 10146 | D:8      | Noticed Harold
 10156 | D:8      | Killed Harold
 10157 | D:8      | Reached skill level 8 in Necromancy
 10471 | D:8      | Noticed Grum
 10472 | D:8      | Found Wiqecza's Assorted Antiques.
 10489 | D:8      | Killed Grum
 10576 | D:8      | Reached XP level 10. HP: 30/56 MP: 24/24
 10822 | D:8      | Bought an amethyst potion for 28 gold pieces
 10822 | D:8      | Bought a fizzy grey potion for 28 gold pieces
 10852 | D:8      | Noticed Maurice
 10875 | D:8      | Killed Maurice
 12212 | D:9      | Learned a level 4 spell: Dispel Undead
 12386 | D:9      | Noticed a cyclops
 12398 | D:9      | Killed a cyclops
 12773 | D:9      | Identified the +0 robe of the Northern Lights {rN++ Stlth-}
 13206 | D:9      | Found a staircase to the Lair.
 13274 | D:9      | Reached skill level 9 in Necromancy
 13771 | D:10     | Entered Level 10 of the Dungeon
 14836 | D:10     | Noticed a two-headed ogre
 14843 | D:10     | Killed a two-headed ogre
 14844 | D:10     | Reached skill level 10 in Necromancy
 14844 | D:10     | Reached XP level 11. HP: 61/61 MP: 26/26
 14877 | D:10     | Identified the +3 shortbow "Zejiba Mucu" {flame, MP+9 Str-2
                  | Int+8 Dex+2}
 16076 | D:11     | Noticed Urug
 16083 | D:11     | Killed Urug
 16084 | D:11     | Reached skill level 10 in Short Blades
 16262 | D:11     | HP: 3/61 [troll (8)]
 16708 | D:11     | Noticed a boulder beetle
 16723 | D:11     | Killed a boulder beetle
 16724 | D:11     | Reached skill level 11 in Necromancy
 17188 | D:11     | Reached XP level 12. HP: 70/70 MP: 27/27
 17283 | D:12     | Reached skill level 12 in Necromancy
 17293 | D:12     | Noticed a two-headed ogre
 17540 | D:12     | Learned a level 1 spell: Apportation
 17631 | D:12     | Reached skill level 1 in Translocations
 17885 | D:12     | Noticed a six-headed hydra
 17901 | D:12     | Killed a six-headed hydra
 18492 | D:12     | Found Bouwuiju's Magic Scroll Shoppe.
 18518 | D:12     | Bought a scroll of acquirement for 676 gold pieces
 18518 | D:12     | Bought a scroll of enchant armour for 97 gold pieces
 18519 | D:12     | Acquired 925 gold pieces
 18777 | D:12     | Noticed a boulder beetle
 18937 | D:12     | Killed a boulder beetle
 20087 | D:12     | Found a glowing silver altar of Zin.
 20253 | D:12     | Found a staircase to the Orcish Mines.
 20357 | D:12     | HP: 1/70 [two-headed ogre (26)]
 20360 | D:12     | Killed a two-headed ogre
 20361 | D:12     | Reached skill level 5 in Throwing
 21269 | D:13     | Lost mutation: You are weak. (Str -2) [potion of mutation]
 21269 | D:13     | Gained mutation: You are agile. (Dex +2) [potion of
                  | mutation]
 21279 | D:13     | Noticed a two-headed ogre
 21316 | D:13     | Killed a two-headed ogre
 21330 | D:13     | Killed from afar by a gargoyle

Illustrated notes

Levels and vault maps discovered:
D:1:      dpeg_arrival_boxorama, layout_basic, ebering_ecumenical_altar_box
D:2:      layout_basic, serial_curves, eino_curves_02, eino_curves_02,
          eino_curves_02
D:3:      layout_basic, okawaru_altar_gauntlet_db
D:4:      layout_rooms, serial_aquarium, aquarium_bridge_square
          [aquarium_subvault_wall, aquarium_subvault_bridge,
          aquarium_subvault_bridge, aquarium_subvault_wall],
          aquarium_window_corner, aquarium_window_1, aquarium_window_fake,
          aquarium_window_corner, aquarium_view_2a, aquarium_balcony_3b,
          due_unseen_surprise, uniq_pikel
D:5:      layout_basic
D:6:      layout_cave_pools, minmay_temple_entry_proselytizer
D:7:      layout_loops_cross, nrook_pool_corridor, minmay_misc_feat_diagonals
D:8:      layout_basic, serial_shops, nicolae_shop_waterfront, uniq_maurice,
          uniq_grum, uniq_harold, uniq_erica
D:9:      layout_layer_cave, erik_lair_orcish_takeover
D:10:     layout_gridville, grunt_ministairs_8, kennysheep_small_spiral,
          minivault_11, serial_bayou_ford_a, kennysheep_flooded_box
D:11:     layout_roguey, uniq_urug
D:12:     layout_basic, hiddenorc1_lemuel, serial_shops, shop, zin_academy
D:13:     layout_basic, grunt_decor_mini_mirrors, uniq_erolcha
Temple:   dpeg_three_leaves_temple

Skill      XL: |  1  2  3  4  5  6  7  8  9 10 11 12 |
---------------+-------------------------------------+-----
Necromancy     | 5 6 7 8 10 11 12 | 12.7
Fighting       | 1 2 3 4 6 |  6.0
Short Blades   | 1 2 4 6 7 9 10 11 | 11.7
Stealth        | 3 4 6 7 8 |  8.0
Spellcasting   | 5 6 8 9 |  9.0
Dodging        | 3 5 6 8 |  8.0
Evocations     | 1 4 |  4.1
Throwing       | 1 3 5 |  5.4
Translocations | 1 |  1.0

Action                   |  1- 3 |  4- 6 |  7- 9 | 10-12 || total
-------------------------+-------+-------+-------+-------++-------
Melee: Unarmed           |     6 |       |       |       ||     6
       Dagger            |     9 |     8 |       |       ||    17
       Short sword       |       |   125 |   260 |   456 ||   841
Throw: Dart              |       |       |       |    26 ||    26
       Javelin           |       |       |       |     1 ||     1
 Cast: Pain              |    60 |    18 |     1 |     7 ||    86
       Vampiric Draining |     3 |    12 |     1 |    23 ||    39
       Animate Dead      |       |    11 |     7 |    34 ||    52
       Agony             |       |       |       |     1 ||     1
       Dispel Undead     |       |       |       |     5 ||     5
Evoke: Wand              |       |       |     9 |    43 ||    52
  Use: Scroll            |     2 |     2 |     2 |     7 ||    13
       Potion            |       |     1 |     5 |    11 ||    17
 Stab: Sleeping          |       |     2 |    13 |     8 ||    23
       Invisible         |       |       |     2 |       ||     2
       Paralysed         |       |       |     4 |     8 ||    12
       Distracted        |       |       |       |     2 ||     2
Armor: Robe              |    13 |    25 |    50 |    94 ||   182
       Skin              |       |       |       |    22 ||    22
Dodge: Dodged            |    45 |   123 |   187 |   474 ||   829
